 Dungeon Crawl Stone Soup version 0.17-a0-1882-g750edc8 (webtiles) character file.

404 ithil the Ducker (level 6, -3/47 HPs)
             Began as a Demonspawn Gladiator on Sept 22, 2015.
             Killed from afar by an orc wizard (8 damage)
             ... with a magic dart
             ... on level 4 of the Dungeon.
             The game lasted 00:16:36 (4098 turns).

ithil the Ducker (Demonspawn Gladiator)             Turns: 4098, Time: 00:16:37

Health: -3/47      AC:  8    Str: 18    XL:     6   Next: 56%
Magic:  6/6        EV: 14    Int:  9    God:
Gold:   116        SH:  0    Dex: 13    Spells: 0 memorised, 5 levels left

rFire  . . .     SeeInvis .     a - +1 trident
rCold  . . .     Clarity  .     b - +0 leather armour
rNeg   . . .     SustAt   .     (no shield)
rPois  .         Gourm    .     c - +0 helmet
rElec  .         Spirit   .     (no cloak)
rCorr  .         Warding  .     (no gloves)
rMut   .         Stasis   .     (no boots)
MR     .....                    (no amulet)
Stlth  +.........               (no ring)
                                (no ring)

@: about to teleport, very slightly contaminated, hasted, very quick, not
resistant to hostile enchantments, very unstealthy
A: talons 2, iridescent scales 1, powered by pain 1
a: no special abilities


You were on level 4 of the Dungeon.
You were not hungry.

You visited 1 branch of the dungeon, and saw 4 of its levels.

You collected 116 gold pieces.

Inventory:

Hand weapons
 a - a +1 trident (weapon)
Missiles
 d - 3 throwing nets (quivered)
Armour
 b - a +0 leather armour (worn)
 c - a +0 helmet (worn)
 p - a +0 chain mail
 t - a +0 plate armour
 v - a +0 buckler
Scrolls
 f - 2 scrolls of remove curse {unknown}
 g - a scroll of enchant weapon
 h - a scroll of teleportation
 j - a scroll of recharging {unknown}
 k - 2 scrolls of immolation {unknown}
 l - 3 scrolls of identify {unknown}
 m - 2 scrolls of fog {unknown}
 n - a scroll of noise {unknown}
 q - a scroll of fear {unknown}
 u - a scroll of blinking {unknown}
Potions
 s - a potion of ambrosia
Comestibles
 e - 2 bread rations
 i - a royal jelly
 o - a meat ration


   Skills:
 + Level 3.1 Fighting
 + Level 3.8 Polearms
 + Level 1.7 Throwing
 + Level 2.4 Armour
 + Level 5.0 Dodging
 + Level 0.8 Stealth


You had 5 spell levels left.
You didn't know any spells.

Dungeon Overview and Level Annotations

Branches:
Dungeon (4/15)
 Temple: D:4-7

Altars:


Innate Abilities, Weirdness & Mutations

You have razor-sharp toenails.
You are partially covered in iridescent scales (AC +4).
You sometimes gain a little power by taking damage.


Message History

What do you say? t - Shout!
Orders for allies: a - Attack new target. r - Retreat! s - Stop attacking. w - Wait here. f - Follow me.
Anything else - Stay silent.
Okay, then.
Read which item? (? for menu, Esc to quit)
As you read the scroll of teleportation, it crumbles to dust.
You feel strangely unstable.
The orc wizard hits you but does no damage. x2
Drink which item? (? for menu, Esc to quit)
You feel yourself speed up. The orc wizard completely misses you.
The orc wizard barely misses you. The orc wizard closely misses you.
Something barely misses you.
You hit the orc wizard.
The orc wizard is severely wounded.
The orc wizard casts a spell at you. The magic dart hits you!
You die...

#.'....#....#.#.#.##
#.#....#.##.#.#)o.#
#.#....#.##.#.#####
#.#.#..#'##...#####
#.#.#.<...........#
########...#..........##.#
#..........#........(......
#.########.##......########
#........>@o..###...##
########...o.o###.⌠....
#....(†.....≈..o.≈
#########..≈≈≈≈o≈.
#...≈≈≈... #..≈≈≈≈...
#...o≈≈... ≈. .


You could see an orc priest and 2 orc wizards.

Vanquished Creatures
  The ghost of derrpe the Sneak, an average VSAs of Dithmenos (D:3)
  An ogre (D:4)
  3 orc wizards (D:4)
  3 adders (D:2)
  An ooze (D:1)
  An adder skeleton (D:4)
  A worm (D:2)
  A giant gecko (D:4)
  5 orcs (D:4)
  8 bats
  2 giant cockroaches
  5 goblins
  2 hobgoblins
  7 jackals
  2 ball pythons
  A ball python skeleton (D:4)
  3 giant newts
  2 kobolds
  6 rats
55 creatures vanquished.

Notes
Turn   | Place    | Note
--------------------------------------------------------------
     0 | D:1      | ithil the Demonspawn Gladiator began the quest for the Orb.
     0 | D:1      | Reached XP level 1. HP: 16/16 MP: 1/1
   254 | D:1      | Reached skill level 3 in Polearms
   271 | D:1      | Gained mutation: You sometimes gain a little power by taking damage. [demonic ancestry]
   271 | D:1      | Reached XP level 2. HP: 4/22 MP: 2/2
  1427 | D:2      | Gained mutation: You have sharp toenails. [demonic ancestry]
  1427 | D:2      | Reached XP level 3. HP: 13/27 MP: 3/3
  1530 | D:2      | Reached skill level 1 in Armour
  1689 | D:2      | HP: 1/27 [poisoned by an adder]
  2997 | D:3      | Reached XP level 4. HP: 28/33 MP: 4/4
  3335 | D:3      | Noticed derrpe's ghost (average VSAs)
  3362 | D:3      | Killed derrpe's ghost
  3362 | D:3      | Reached skill level 4 in Dodging
  3362 | D:3      | Gained mutation: You are partially covered in iridescent scales (AC +4). [demonic ancestry]
  3362 | D:3      | Reached XP level 5. HP: 14/39 MP: 5/5
  3600 | D:4      | Noticed an ogre
  3649 | D:4      | Killed an ogre
  3649 | D:4      | Gained mutation: You have razor-sharp toenails. [demonic ancestry]
  3649 | D:4      | Reached XP level 6. HP: 9/46 MP: 6/6
  4038 | D:4      | Reached skill level 5 in Dodging
  4098 | D:4      | Killed from afar by an orc wizard

Vault maps used:
D:1:      minmay_arrival_nine_rooms, roderic_serpentine_path
D:2:      wad_floor_pattern_untrapped
D:3:      lightli_sewer_entry_pipes, hangedman_abyss_or_decor_lesser_grid,
          corexii_item_surrounded_by_moat
D:4:      kiku_gazebo_pond_becter, first_bread, gup_ossuary_entry_pyramid

Action                   |  1- 3 |  4- 6 || total
-------------------------+-------+-------++-------
Melee: Trident           |   198 |   100 ||   298
Throw: Throwing net      |     2 |       ||     2
  Use: Potion            |     3 |     7 ||    10
       Scroll            |     2 |     2 ||     4
  Eat: Chunk             |     2 |     1 ||     3
       Bread ration      |     1 |       ||     1
       Meat ration       |       |     1 ||     1
